[Event "Team 45 45 League T76"]
[Site "Internet Chess Club"]
[Date "2018.04.02"]
[Round "2"]
[White "anna"]
[Black "Percival"]
[Result "1-0"]
[WhiteElo "1952"]
[BlackElo "1990"]
[Opening "French: advance, Paulsen attack"]
[ECO "C02"]
[Time "08:00:45"]
[TimeControl "2700+45"]

1. e4 e6 2. d4 d5 3. e5 c5 4. c3 Nc6 5. Nf3 Qb6 6. a3 c4 7. Nbd2 Na5 8. Rb1 Bd7
9. Be2 Ne7 10. O-O Nc8 11. Qc2 Be7 12. b4 cxb3 13. Nxb3 Ba4 14. Nfd2 O-O 15. Bd3
g6 16. Qb2 Nxb3 17. Nxb3 Qc7 18. Bh6 Rd8 19. Nc5 Bxc5 20. dxc5 Qxc5 21. Be3 Qa5
22. Qxb7 Nb6 23. Rxb6 axb6 24. Qe7 Qa7 25. Qf6 Kf8 26. Rb1 Rdb8 27. Bg5 Ke8 28.
Rb4 Qc7 29. Rxa4 Ra5 30. Rf4 {Black resigns} 1-0

[Event "Team 45 45 League T76"]
[Site "Internet Chess Club"]
[Date "2018.03.30"]
[Round "2"]
[White "limeinthecoke"]
[Black "DineshB"]
[Result "1/2-1/2"]
[WhiteElo "1662"]
[BlackElo "1307"]
[Opening "English: Sicilian reversed"]
[ECO "A25"]
[Time "13:31:28"]
[TimeControl "2700+45"]

1. c4 e5 2. Nc3 Nc6 3. e3 Bb4 4. Qc2 Nf6 5. Nf3 d6 6. Nd5 Bc5 7. a3 Bb6 8. Nc3
O-O 9. Be2 a5 10. h3 Re8 11. d3 d5 12. cxd5 Nxd5 13. O-O Be6 14. Bd2 f5 15. Rad1
Qf6 16. Na4 Ba7 17. Nc5 Bxc5 18. Qxc5 e4 19. dxe4 fxe4 20. Nd4 Nxd4 21. Qxd4 Qg6
22. f3 Nf6 23. Bc3 Bxh3 24. Bc4+ Kh8 25. Rd2 Be6 26. Bxe6 Rxe6 27. Qc4 Rc6 28.
Qb5 exf3 29. Qxb7 Qe8 30. Bxf6 Rxf6 31. Rxf3 Rxf3 32. Qxf3 h6 33. e4 Rd8 34.
Rxd8 Qxd8 35. Qc3 a4 36. Kf2 Qh4+ 37. Kf3 Qh5+ 38. Kg3 Qg5+ {Game drawn by
mutual agreement} 1/2-1/2

[Event "Team 45 45 League T76"]
[Site "Internet Chess Club"]
[Date "2018.03.30"]
[Round "2"]
[White "yuanbao2007"]
[Black "Demachaeron"]
[Result "0-1"]
[WhiteElo "1154"]
[BlackElo "1587"]
[Opening "QGD semi-Slav"]
[ECO "D43"]
[Time "14:01:01"]
[TimeControl "2700+45"]

1. d4 d5 2. Nf3 Nf6 3. c4 c6 4. Nc3 e6 5. Bf4 Nbd7 6. e3 Qa5 7. Qa4 Qxa4 8. Nxa4
Ne4 9. Rc1 Ndf6 10. Nc3 Bb4 11. Be2 O-O 12. O-O Bd7 13. Nxe4 Nxe4 14. a3 Bd6 15.
Bxd6 Nxd6 16. Ne5 Rad8 17. cxd5 exd5 18. Nxd7 Rxd7 19. Bd3 Re8 20. b4 a6 21. a4
g6 22. b5 cxb5 23. axb5 a5 24. Rc5 Ne4 25. Bxe4 dxe4 26. Ra1 b6 27. Rc6 Rb7 28.
h4 h5 29. Kh2 Kf8 30. Kg3 Kg7 31. Kf4 Ree7 32. Rd6 f6 33. f3 exf3 34. gxf3 Kf7
35. e4 Re6 36. Rxe6 Kxe6 37. Rc1 Rd7 38. d5+ Ke7 39. Rc6 Rd6 40. Rc7+ Rd7 41.
Rxd7+ Kxd7 42. Ke3 g5 43. hxg5 fxg5 44. e5 a4 45. Kd2 h4 46. e6+ Kd6 47. f4 gxf4
48. Ke2 a3 49. Kf3 a2 50. Kxf4 a1=Q 51. Kf5 Qe5+ 52. Kg6 Qxd5 53. e7 Qe6+ 54.
Kh5 h3 55. Kh4 h2 56. Kh5 h1=Q+ 57. Kg5 Qg1+ 58. Kf4 Qf1+ 59. Kg5 Qxe7+ 60. Kg6
Qff6+ 61. Kh5 Qee5+ 62. Kg4 Qff4+ 63. Kh3 Qee3+ 64. Kg2 Qff2+ 65. Kh1 Qee1#
{White checkmated} 0-1

[Event "Team 45 45 League T76"]
[Site "Internet Chess Club"]
[Date "2018.03.31"]
[Round "2"]
[White "anishio"]
[Black "CMAlge"]
[Result "1-0"]
[WhiteElo "1606"]
[BlackElo "1262"]
[Opening "Ruy Lopez: 5.O-O"]
[ECO "C78"]
[Time "11:23:22"]
[TimeControl "2700+45"]

1. e4 e5 2. Nf3 Nc6 3. Bb5 a6 4. Ba4 Nf6 5. O-O b5 6. Bb3 Bc5 7. a4 Bb7 8. c3
O-O 9. d4 Bb6 10. Re1 d6 11. Bg5 h6 12. Bh4 g5 13. Bg3 Nh5 14. Nxe5 Nxg3 15.
Nxc6 Bxc6 16. hxg3 Qe7 17. Nd2 Rfe8 18. Qf3 Bd7 19. e5 Kg7 20. exd6 Qf6 21. dxc7
Qxf3 22. Nxf3 f6 23. Bd5 Rac8 24. Bb7 Rxc7 25. Bxa6 bxa4 26. Nd2 Rxe1+ 27. Rxe1
Kf8 28. Ne4 Rc6 29. Bb5 Rc7 30. Bxd7 Rxd7 31. Nxf6 Rf7 32. Nd5 Bd8 33. Re6 Rd7
34. Nb6 Re7 35. Rxe7 Kxe7 36. Nxa4 Kd6 37. Kf1 Kd5 38. b3 Ke4 39. Ke2 h5 40.
Nc5+ Kf5 41. Kd3 Bc7 42. c4 Kg4 43. Ne6 Ba5 44. c5 Be1 45. Ke2 h4 46. Kxe1
{Black resigns} 1-0

[Event "Team 45 45 League T76"]
[Site "Internet Chess Club"]
[Date "2018.04.02"]
[Round "2"]
[White "primerpaso"]
[Black "Agarnez"]
[Result "0-1"]
[WhiteElo "1869"]
[BlackElo "1943"]
[Opening "English opening"]
[ECO "D35"]
[Time "19:05:07"]
[TimeControl "2700+45"]

1. c4 e6 2. Nc3 d5 3. cxd5 exd5 4. d4 Nf6 5. g3 c6 6. Bg2 Bd6 7. Nf3 Qe7 8. O-O
O-O 9. a3 Re8 10. b4 a6 11. Re1 h6 12. Bb2 Nbd7 13. Qb3 Ne4 14. Rad1 Nf8 15. Ne5
Be6 16. Nd3 Ng6 17. Nc5 Bf5 18. N3xe4 dxe4 19. e3 h5 20. h4 Nxh4 21. gxh4 Qxh4
22. Nxb7 Bh2+ 23. Kf1 Re6 24. f4 exf3 25. Bxf3 Bg4 26. e4 Qh3+ 27. Kf2 Qg3+
{White resigns} 0-1

[Event "Team 45 45 League T76"]
[Site "Internet Chess Club"]
[Date "2018.04.01"]
[Round "2"]
[White "Signalman"]
[Black "ANGELLR"]
[Result "1-0"]
[WhiteElo "1871"]
[BlackElo "1883"]
[Opening "Queen's pawn, Mason variation"]
[ECO "D00"]
[Time "09:51:38"]
[TimeControl "2700+45"]
1. d4 d5 2. Bf4 Nf6 3. e3 Bf5 4. Nf3 e6 5. c4 Bd6 6. Bxd6 Qxd6 7. c5 Qe7 8.
Be2 Nbd7 9. Nc3 c6 10. b4 e5 11. O-O h6 12. a4 O-O 13. dxe5 Nxe5 14. Nd4 Bg4
15. Bxg4 Nexg4 16. h3 Ne5 17. a5 Rfe8 18. Nf5 Qc7 19. Nd6 Re7 20. Qd4 a6 21.
f4 Ng6 22. Nf5 Ree8 23. Rae1 Qd8 24. Nd6 Re7 25. e4 dxe4 26. f5 Ne5 27.
Ncxe4 Nxe4 28. Rxe4 f6 29. g4 Qc7 30. Kg2 Rd8 31. Rd1 Rdd7 32. h4 Nf7 33.
Rxe7 Rxe7 34. Qc4 Kh7 35. Nxf7 Rxf7 36. Rd6 Re7 37. g5 fxg5 38. hxg5 hxg5
39. Qd3 Rf7 40. f6+ Kg8 41. Rd8+ Rf8 42. Rd7 Qxd7 43. Qxd7 gxf6 44. Qxb7 f5
45. Qxc6 f4 46. Qe6+ Kg7 47. c6 Rf6 48. Qxf6+ Kxf6 49. c7 g4 50. c8=Q Kg5
51. Qxa6 Kf5 52. Qc4 Kg5 53. a6 g3 54. Qd5+ Kg4 55. Qf3+ Kg5 56. a7 Kf5 57.
a8=Q Kg5 58. Qad5+ Kg6 59. Qxf4 Kg7 60. Qdg5+ Kh7 61. Qfh4# {Black
checkmated} 1-0

[Event "Team 45 45 League T76"]
[Site "Internet Chess Club"]
[Date "2018.04.02"]
[Round "2"]
[White "Portola"]
[Black "elmaestro"]
[Result "1/2-1/2"]
[WhiteElo "1717"]
[BlackElo "1652"]
[Opening "Dutch, 2.Bg5 variation"]
[ECO "A80"]
[Time "09:00:33"]
[TimeControl "2700+45"]

1. d4 f5 2. Bg5 h6 3. Bh4 Nf6 4. Bxf6 exf6 5. e3 g6 6. Bd3 d5 7. c3 c6 8. Nd2
Be6 9. Qc2 Nd7 10. Ngf3 Bd6 11. c4 Bb4 12. a3 Bxd2+ 13. Nxd2 dxc4 14. Nxc4 Nb6
15. O-O Nxc4 16. Bxc4 Bxc4 17. Qxc4 Qd5 18. Qxd5 cxd5 19. Rfc1 Kd7 20. Rc5 Kd6
21. Rac1 Rhd8 22. b4 Rd7 23. g3 a6 24. a4 Re8 25. Kg2 Ra8 26. a5 Re8 27. Kf3 g5
28. h3 h5 29. b5 axb5 30. Rxb5 Ra8 31. Rcc5 Ke6 32. Kg2 Rg8 33. Rb6+ Ke7 34. Kf3
Ra8 35. Rcb5 Ra7 36. g4 fxg4+ 37. hxg4 h4 38. Kg2 Kf7 39. Kh3 Ke7 40. Rc5 Ra8
41. Rbb5 Ke6 42. Rb6+ Kf7 {Game drawn by mutual agreement} 1/2-1/2

[Event "Team 45 45 League T76"]
[Site "Internet Chess Club"]
[Date "2018.03.28"]
[Round "2"]
[White "ascoli"]
[Black "QuieroAprender"]
[Result "0-1"]
[WhiteElo "1614"]
[BlackElo "1526"]
[Opening "King's Indian: orthodox, 7...Nbd7"]
[ECO "E94"]
[Time "14:14:43"]
[TimeControl "2700+45"]

1. c4 Nf6 2. Nc3 g6 3. e4 d6 4. d4 Bg7 5. Nf3 O-O 6. Be2 Nbd7 7. O-O e5 8. d5
Nc5 9. Qc2 Ne8 10. b4 Na6 11. Ba3 f5 12. c5 fxe4 13. Nxe4 b6 14. cxd6 cxd6 15.
Rac1 Nac7 16. Rfd1 Bh6 17. Nfd2 Bf5 18. Bf3 Nb5 19. Bb2 Nf6 20. Nxf6+ Qxf6 21.
Qc6 Nd4 22. Bxd4 exd4 23. Qb7 Bg4 24. Ne4 Qe5 25. Bxg4 Bxc1 26. Rxc1 Qxe4 27.
Be6+ Kh8 28. h3 d3 29. Rc7 g5 30. Rf7 d2 31. Bg4 Rae8 32. Kh2 Rxf7 33. Qxf7 Qf4+
34. Qxf4 gxf4 {White resigns} 0-1

[Event "Team 45 45 League T76"]
[Site "Internet Chess Club"]
[Date "2018.03.30"]
[Round "2"]
[White "Sloggi"]
[Black "leandromorg"]
[Result "1-0"]
[WhiteElo "1852"]
[BlackElo "1692"]
[Opening "Queen's pawn"]
[ECO "A40"]
[Time "21:01:01"]
[TimeControl "2700+45"]

1. d4 e6 2. Nf3 f5 3. g3 Nf6 4. Bg2 d5 5. Bg5 Bd6 6. Nbd2 Nbd7 7. O-O O-O 8. c4
c6 9. cxd5 exd5 10. Rb1 Qc7 11. b4 Ne4 12. Qc2 h6 13. Be3 Ndf6 14. b5 Ng4 15.
Nxe4 fxe4 16. Nd2 Nxe3 17. fxe3 Rxf1+ 18. Nxf1 c5 19. dxc5 Qxc5 20. Qb3 Qc4 21.
Nd2 Qxb3 22. Nxb3 Bg4 23. Rd1 Rd8 24. Rxd5 Be6 25. Rd4 Bxb3 26. axb3 Bc5 27.
Rxd8+ {Black resigns} 1-0

[Event "Team 45 45 League T76"]
[Site "Internet Chess Club"]
[Date "2018.03.31"]
[Round "2"]
[White "MarcB"]
[Black "Beetlejuice"]
[Result "0-1"]
[WhiteElo "1704"]
[BlackElo "1798"]
[Opening "Réti v Dutch"]
[ECO "A04"]
[Time "09:45:21"]
[TimeControl "2700+45"]

1. Nf3 f5 2. g3 Nf6 3. Bg2 g6 4. O-O Bg7 5. c3 O-O 6. d3 d6 7. Nbd2 e5 8. Qb3+
Kh8 9. Ng5 Qe7 10. Bxb7 Bxb7 11. Qxb7 Nbd7 12. Qxc7 Rfc8 13. Qa5 Nb6 14. Qa3
Nfd7 15. Ndf3 h6 16. Qxd6 Qe8 17. Nh3 Bf8 18. Qxf8+ Qxf8 {White resigns} 0-1

[Event "Team 45 45 League T76"]
[Site "Internet Chess Club"]
[Date "2018.03.31"]
[Round "2"]
[White "Zugzwanged"]
[Black "nealbruce"]
[Result "1/2-1/2"]
[WhiteElo "1743"]
[BlackElo "1715"]
[Opening "Scotch: Schmidt variation"]
[ECO "C45"]
[Time "09:32:25"]
[TimeControl "2700+45"]

1. e4 e5 2. Nf3 Nc6 3. d4 exd4 4. Nxd4 Nf6 5. Nc3 Bb4 6. Nxc6 bxc6 7. Bd3 O-O 8.
O-O d5 9. exd5 Nxd5 10. Bd2 Nxc3 11. bxc3 Bc5 12. Qh5 f5 13. Rfe1 Qf6 14. Bc4+
Kh8 15. Rab1 Bd7 16. Qf3 Rfe8 17. Bf4 Bd6 18. Bxd6 cxd6 19. Re3 Rxe3 20. Qxe3 f4
21. Qd4 Qxd4 22. cxd4 Bf5 23. Rb2 g5 24. c3 Rd8 25. Re2 Rd7 26. f3 Kg7 27. Kf2
Kf6 28. g3 fxg3+ 29. hxg3 Re7 30. Rxe7 Kxe7 31. Ke3 h5 32. f4 gxf4+ 33. Kxf4 Kf6
34. Be2 Bg6 35. Bf3 c5 36. dxc5 dxc5 37. Be2 a5 38. a3 Be8 39. Ke4 Ke6 40. Bc4+
Kd6 41. Kf5 Bd7+ 42. Kg5 Ke5 43. Kxh5 Ke4 44. g4 Ke3 45. Bf7 Kd3 46. g5 Bf5 47.
Bg6 Bxg6+ 48. Kxg6 Kxc3 49. Kf5 Kb2 50. g6 c4 51. g7 c3 52. g8=Q c2 53. Qg2 Kb1
54. Qb7+ Ka2 55. Qc6 Kb2 56. Qb5+ Kxa3 57. Qd3+ Kb2 58. Qd4+ Kb3 59. Qd3+ Kb2
60. Qb5+ Ka1 61. Qa4+ Kb2 62. Qd4+ Kb1 63. Qd3 Kb2 64. Qb5+ Ka1 65. Qxa5+ Kb1
66. Qb4+ Ka1 67. Qa3+ Kb1 68. Qb3+ Ka1 69. Qc3+ Kb1 70. Qd3 Ka1 71. Qc3+ Kb1 72.
Qb3+ Ka1 73. Qxc2 {Black stalemated} 1/2-1/2

[Event "Team 45 45 League T76"]
[Site "Internet Chess Club"]
[Date "2018.04.01"]
[Round "2"]
[White "Tobiasdelmonte"]
[Black "Konstantinos"]
[Result "1-0"]
[WhiteElo "1668"]
[BlackElo "1658"]
[Opening "QGD semi-Slav"]
[ECO "D43"]
[Time "11:02:28"]
[TimeControl "2700+45"]

1. d4 d5 2. c4 c6 3. Nf3 Nf6 4. Nc3 e6 5. Bg5 Be7 6. e3 Nbd7 7. Rc1 b6 8. cxd5
cxd5 9. Bb5 Bb7 10. Ne5 O-O 11. Nc6 Bxc6 12. Bxc6 Rc8 13. Ba4 Ne8 14. Bxe7 Qxe7
15. Nxd5 exd5 16. Rxc8 Qb4+ 17. Kf1 Ndf6 18. Bxe8 Rxe8 19. Rxe8+ Nxe8 20. Qc2
Nd6 21. g3 g6 22. Kg2 a5 23. h4 Qb5 24. h5 Qe8 25. hxg6 hxg6 26. b3 Qe7 27. Qe2
Nf5 28. Qf3 Qe6 29. Qf4 f6 30. Qb8+ Kf7 31. Rh7+ {Black resigns} 1-0

[Event "Team 45 45 League T76"]
[Site "Internet Chess Club"]
[Date "2018.03.30"]
[Round "2"]
[White "dp15"]
[Black "Centralplay"]
[Result "1-0"]
[WhiteElo "2071"]
[BlackElo "2156"]
[Opening "Ruy Lopez: closed, Flohr-Zaitsev system (Lenzerheide variation)"]
[ECO "C92"]
[Time "14:10:16"]
[TimeControl "2700+45"]

1. e4 e5 2. Nf3 Nc6 3. Bb5 a6 4. Ba4 Nf6 5. O-O Be7 6. Re1 b5 7. Bb3 d6 8. c3
O-O 9. h3 Bb7 10. d4 Nd7 11. Nbd2 exd4 12. cxd4 Bf6 13. Nf1 Na5 14. Bc2 Re8 15.
Ng3 g6 16. Rb1 c5 17. d5 Nc4 18. b3 Nce5 19. Nh2 Bh4 20. Ne2 c4 21. b4 a5 22. a3
axb4 23. axb4 Ra2 24. Be3 Rxc2 25. Qxc2 Nd3 26. Nc3 f5 27. Nf3 fxe4 28. Nxh4
Qxh4 29. Nxb5 Bxd5 30. Nc7 Nxe1 31. Rxe1 Bf7 32. Nxe8 Bxe8 33. Qxc4+ Kf8 34. Qe6
{Black resigns} 1-0

[Event "Team 45 45 League T76"]
[Site "Internet Chess Club"]
[Date "2018.03.29"]
[Round "2"]
[White "Percival"]
[Black "leojiang"]
[Result "0-1"]
[WhiteElo "1972"]
[BlackElo "1570"]
[Opening "Nimzo-Indian: Kmoch variation"]
[ECO "E20"]
[Time "20:00:59"]
[TimeControl "2700+45"]

1. d4 Nf6 2. c4 e6 3. Nc3 Bb4 4. f3 c5 5. d5 b5 6. e4 O-O 7. Bd3 bxc4 8. Bxc4
Nxd5 9. Bxd5 exd5 10. Qxd5 Ba6 11. Ne2 Nc6 12. Be3 Rb8 13. Rd1 Ba5 14. Bxc5 Rxb2
15. Rd2 Rxd2 16. Qxd2 d6 17. Bd4 Nxd4 18. Qxd4 Qb8 19. Qd5 Qb1+ 20. Qd1 Qb6 21.
Qb3 {White resigns} 0-1

[Event "Team 45 45 League T76"]
[Site "Internet Chess Club"]
[Date "2018.04.01"]
[Round "2"]
[White "joebobpop"]
[Black "Terte"]
[Result "1-0"]
[WhiteElo "1930"]
[BlackElo "1784"]
[Opening "Ruy Lopez: closed, Bogolyubov variation"]
[ECO "C91"]
[Time "12:42:16"]
[TimeControl "2700+45"]

1. e4 e5 2. Nf3 Nc6 3. Bb5 a6 4. Ba4 Nf6 5. O-O d6 6. d4 b5 7. Bb3 Be7 8. c3 O-O
9. Re1 Bg4 10. Be3 Na5 11. Bc2 Nc4 12. Bc1 c5 13. b3 Nb6 14. d5 c4 15. b4 a5 16.
a3 axb4 17. cxb4 Na4 18. Bxa4 bxa4 19. Nc3 Qd7 20. h3 Bh5 21. Qe2 Rac8 22. Bd2
Bd8 23. Rac1 Bb6 24. Be3 Bd4 25. Nd1 c3 26. Qd3 Bxf3 27. gxf3 Bxe3 28. Qxe3 Qxh3
29. Nxc3 Nh5 30. Ne2 Rcd8 31. Rc3 f5 32. Qg5 f4 33. Qg4 Qxg4+ 34. fxg4 Nf6 35.
f3 h5 36. gxh5 Nxh5 37. Kf2 Nf6 38. Rc6 g5 39. Rg1 g4 40. Nc3 g3+ 41. Kg2 Rf7
42. Rh1 Kg7 43. Nb5 Ne8 44. Nc3 Rc7 45. b5 Rb7 46. b6 Rdb8 47. Rb1 Kg6 48. Nxa4
Ra8 49. Nc5 Rh7 50. b7 Rxa3 51. b8=Q Ra2+ 52. Kg1 Rah2 53. Qxe8+ Kg5 54. Qg8+
Kf6 55. Rxd6+ Ke7 56. Re6# {Black checkmated} 1-0

[Event "Team 45 45 League T76"]
[Site "Internet Chess Club"]
[Date "2018.04.02"]
[Round "2"]
[White "KidRattler"]
[Black "gz99754539"]
[Result "0-1"]
[WhiteElo "1607"]
[BlackElo "1801"]
[Opening "Evans gambit: Waller attack"]
[ECO "C52"]
[Time "16:28:17"]
[TimeControl "2700+45"]

1. e4 e5 2. Nf3 Nc6 3. Bc4 Bc5 4. b4 Bxb4 5. c3 Ba5 6. d4 exd4 7. O-O d6 8. Qb3
Qe7 9. Ba3 Bb6 10. Re1 Na5 11. Qa4+ Bd7 12. Bb5 c6 13. Bd3 c5 14. Bb5 O-O-O 15.
e5 Bxb5 16. Qxb5 Qd7 17. Qxd7+ Rxd7 18. cxd4 cxd4 19. exd6 Nc4 20. Nbd2 Nxa3 21.
Rac1+ Kd8 22. Ne5 Nh6 23. Nxd7 Kxd7 24. Re7+ Kxd6 25. Rxb7 Re8 26. f3 Nb5 27.
Nc4+ Kd5 28. Nxb6+ axb6 29. Rd1 Re6 30. Kf2 Kc6 31. Rb8 Nf5 32. Rc8+ Kd7 33. Rc4
Ne3 34. Rcxd4+ Nxd4 35. Rxd4+ Kc6 36. a4 Nf5 37. Rb4 Nd6 38. Rg4 g6 39. Rh4 h5
40. Rf4 f5 41. h4 Kc5 42. g4 hxg4 43. fxg4 fxg4 44. Rxg4 Re4 45. Rg5+ Kb4 46.
Rxg6 Nc4 47. h5 Rh4 48. h6 Kxa4 49. Kg3 Rh1 50. Kf4 b5 51. Ra6+ Kb3 52. Kf5 b4
53. Kg6 Ne5+ 54. Kg7 Rg1+ 55. Kf8 Ng6+ 56. Kf7 Nh8+ 57. Kf8 Kc4 58. h7 b3 59.
Ra7 b2 60. Rg7 b1=Q 61. Re7 Qb8+ 62. Re8 Qf4+ 63. Ke7 Qf7+ 64. Kd8 Rd1+ {White
resigns} 0-1

[Event "Team 45 45 League T76"]
[Site "Internet Chess Club"]
[Date "2018.04.01"]
[Round "2"]
[White "Monterrey"]
[Black "kamalchandran"]
[Result "1-0"]
[WhiteElo "1997"]
[BlackElo "1856"]
[Opening "Queen's pawn: English defense"]
[ECO "A40"]
[Time "10:00:38"]
[TimeControl "2700+45"]

1. d4 b6 2. e4 Bb7 3. Bd3 d6 4. Nf3 Nd7 5. O-O e5 6. d5 g6 7. c4 Bg7 8. Nc3 Ne7
9. Bc2 O-O 10. Rb1 f5 11. exf5 gxf5 12. Ng5 Qc8 13. Ne6 Rf7 14. Nb5 Nf8 15.
Nbxc7 Nxe6 16. dxe6 Rf6 17. Qxd6 Rg6 18. f3 Bf8 19. Nxa8 Nd5 20. Qxe5 Qxc4 21.
Bb3 Bc5+ 22. Be3 Qe2 23. Qb8+ Bf8 24. Rf2 Qxe3 25. Qxb7 Bc5 26. Rf1 Qg5 27. Qc8+
Kg7 28. Qxc5 bxc5 29. Bxd5 Qd8 30. Re2 Qxd5 31. e7 Re6 32. e8=Q Rxe8 33. Rxe8
Qd4+ 34. Kh1 Qxb2 35. Re7+ Kf6 36. Rfe1 c4 37. h4 f4 38. Nc7 Qd4 39. R1e6+ Kf5
40. Rf7+ {Black resigns} 1-0

[Event "Team 45 45 League T76"]
[Site "Internet Chess Club"]
[Date "2018.03.30"]
[Round "2"]
[White "Magagna"]
[Black "laurenpar"]
[Result "0-1"]
[WhiteElo "1824"]
[BlackElo "1893"]
[Opening "Dutch defense, Rubinstein variation"]
[ECO "A40"]
[Time "21:01:56"]
[TimeControl "2700+45"]

1. d4 e6 2. c4 f5 3. Nc3 Nf6 4. Bf4 g6 5. Nf3 Bg7 6. e3 d6 7. Be2 Qe7 8. O-O O-O
9. Re1 Nc6 10. h3 Ne4 11. Rc1 h6 12. a3 Nxc3 13. bxc3 e5 14. Bh2 g5 15. Qb3 Kh8
16. d5 Na5 17. Qb4 b6 18. Nd2 Bd7 19. f3 Qf7 20. Kh1 h5 21. Rf1 Bf6 22. Nb3 Nb7
23. a4 a5 24. Qa3 Qe8 25. Ra1 f4 26. e4 Rg8 27. Ra2 Rg7 28. Bd1 Qg6 29. Qb2 g4
30. fxg4 hxg4 31. Bxg4 Bxg4 32. hxg4 Qxe4 33. Qe2 Qxe2 34. Rxe2 Bh4 35. Rf3 Rag8
36. Rh3 Rh7 37. Bg1 Rxg4 38. Nd2 Bg3 39. Nf3 Rg6 40. Rxh7+ Kxh7 41. Bf2 Bxf2 42.
Rxf2 Nc5 43. Ra2 Rg3 44. Kh2 Kg7 45. Ra1 Kf6 46. Rh1 Nxa4 47. Kg1 Nxc3 48. Rh7
Rg7 49. Rh6+ Kf5 50. Rh5+ Ke4 51. Ng5+ Kd3 52. Ne6 Re7 {White resigns} 0-1

[Event "Team 45 45 League T76"]
[Site "Internet Chess Club"]
[Date "2018.04.01"]
[Round "2"]
[White "LookImYourVader"]
[Black "jjimalo"]
[Result "1/2-1/2"]
[WhiteElo "1819"]
[BlackElo "1794"]
[Opening "Sicilian: Tartakower variation"]
[ECO "B53"]
[Time "13:00:57"]
[TimeControl "2700+45"]

1. e4 c5 2. Nf3 d6 3. d4 cxd4 4. c3 d3 5. Bxd3 Nf6 6. e5 dxe5 7. Nxe5 Qd5 8. Nf3
Nc6 9. O-O Bg4 10. Be2 Qxd1 11. Rxd1 e6 12. Bg5 Be7 13. Nbd2 O-O 14. h3 Bh5 15.
Nc4 Rfd8 16. Rxd8+ Rxd8 17. Rd1 Rxd1+ 18. Bxd1 {Game drawn by mutual agreement}
1/2-1/2

[Event "Team 45 45 League T76"]
[Site "Internet Chess Club"]
[Date "2018.03.31"]
[Round "2"]
[White "swagnik"]
[Black "bobhill"]
[Result "0-1"]
[WhiteElo "1632"]
[BlackElo "1818"]
[Opening "Sicilian: Grand Prix attack"]
[ECO "B23"]
[Time "18:06:38"]
[TimeControl "2700+45"]

1. e4 c5 2. Nc3 Nc6 3. f4 g6 4. Nf3 Bg7 5. Bb5 a6 6. Bxc6 dxc6 7. O-O Nf6 8. d3
O-O 9. Qe1 b5 10. Qh4 b4 11. Ne2 Bg4 12. e5 Bxf3 13. Rxf3 Nd5 14. Rh3 h5 15. g4
e6 16. Qf2 hxg4 17. Rg3 Qe7 18. Rxg4 Rfd8 19. Qg2 c4 20. dxc4 Qc5+ 21. Kh1 Qxc4
22. f5 Qxc2 23. fxe6 Bxe5 24. exf7+ Kxf7 25. Bg5 Nf6 26. Bxf6 Bxf6 27. Rf1 Rd1
28. Rf4 Rxf1+ 29. Rxf1 Re8 30. Qf2 Qxb2 31. Qh4 Kg7 32. Qg3 Qxe2 33. Qc7+ Re7
34. Qf4 Qe4+ 35. Qxe4 Rxe4 36. Rc1 Re6 37. Rc4 Be7 38. Rc2 c5 39. Kg2 Re3 40.
Kf2 Rc3 41. Rb2 a5 42. Ke2 a4 43. Kd2 Rh3 44. Kc1 Kf7 45. Re2 Bd6 46. Rf2+ Ke6
47. Re2+ Kd7 48. Rg2 Rxh2 49. Rxg6 a3 50. Kb1 Be5 51. Rg5 Bd4 52. Rg3 Rb2+ 53.
Kc1 Rxa2 54. Rd3 Kc6 55. Kb1 Rb2+ 56. Kc1 a2 57. Rxd4 a1=Q# {White checkmated}
0-1

[Event "Team 45 45 League T76"]
[Site "Internet Chess Club"]
[Date "2018.04.04"]
[Round "2"]
[White "PatrickFish"]
[Black "suicidepawn"]
[Result "0-1"]
[WhiteElo "1551"]
[BlackElo "1840"]
[Opening "Caro-Kann: advance variation"]
[ECO "B12"]
[Time "21:02:17"]
[TimeControl "2700+45"]

1. e4 c6 2. d4 d5 3. e5 c5 4. c3 Nc6 5. Nf3 Bg4 6. Be2 e6 7. O-O Qb6 8. dxc5
Bxc5 9. b4 Bf8 10. Be3 Qc7 11. Bd4 Nge7 12. Re1 Nf5 13. a3 Nfxd4 14. cxd4 Bxf3
15. Bxf3 Qb6 16. Nc3 Qxd4 17. Qxd4 Nxd4 18. Bd1 a6 19. Ba4+ b5 20. Rad1 Nf5 21.
Bc2 g6 22. g3 Rc8 23. Bxf5 Rxc3 24. Bh3 Be7 25. Ra1 Kd7 26. Red1 Kc7 27. Bf1 Rc8
28. a4 Bxb4 29. axb5 a5 30. Rdc1 Kb6 31. Rxc3 Rxc3 32. Be2 Rc2 33. Bd3 Rd2 34.
Bf1 Bc5 35. Rc1 Bxf2+ 36. Kh1 Bc5 37. Rc3 a4 38. Rf3 Rf2 39. Rxf2 Bxf2 40. Kg2
a3 41. Kxf2 a2 42. Be2 a1=Q 43. h4 Qd4+ 44. Kf3 Qe4+ 45. Kf2 d4 46. g4 Qxe5 47.
h5 f5 48. hxg6 hxg6 49. gxf5 exf5 50. Kf3 g5 51. Kf2 g4 {White resigns} 0-1

[Event "Team 45 45 League T76"]
[Site "Internet Chess Club"]
[Date "2018.03.31"]
[Round "2"]
[White "ILRE"]
[Black "kwen2008"]
[Result "1-0"]
[WhiteElo "1636"]
[BlackElo "1495"]
[Opening "King's Indian: Torre attack"]
[ECO "A48"]
[Time "12:01:55"]
[TimeControl "2700+45"]

1. d4 Nf6 2. Nf3 g6 3. Bg5 Bg7 4. e3 O-O 5. Nbd2 d5 6. Bd3 c5 7. c4 cxd4 8. exd4
Nc6 9. cxd5 Nxd5 10. O-O Nxd4 11. Rb1 Be6 12. h3 Nb4 13. Nxd4 Bxd4 14. Bc4 Bxc4
15. Nxc4 Re8 16. Qb3 Bc5 17. Rbd1 Qc7 18. Be3 Na6 19. Bh6 e5 20. Ne3 Bd4 21. Ng4
Re6 22. Bg5 Rb6 23. Qf3 Bxb2 24. Nf6+ Kh8 25. Nd5 Qc5 26. Nxb6 Qxb6 27. Qxf7 e4
28. Rd7 Nc5 29. Qxh7# {Black checkmated} 1-0

[Event "Team 45 45 League T76"]
[Site "Internet Chess Club"]
[Date "2018.04.01"]
[Round "2"]
[White "skywise"]
[Black "RD1974"]
[Result "0-1"]
[WhiteElo "1559"]
[BlackElo "1641"]
[Opening "French: Tarrasch, open, 4.ed ed"]
[ECO "C08"]
[Time "18:06:47"]
[TimeControl "2700+45"]

1. e4 e6 2. d4 d5 3. Nd2 c5 4. exd5 exd5 5. Ngf3 Nf6 6. Be2 Nc6 7. c3 Bf5 8. O-O
Be7 9. dxc5 Bxc5 10. Nb3 Bb6 11. Be3 O-O 12. Nfd4 Bg6 13. Qd2 a6 14. Bf3 Ne4 15.
Qe2 Bc7 16. Rad1 Qd6 17. g3 Rfe8 18. Bf4 Ne5 19. Bg2 Rad8 20. Rfe1 Qe7 21. h4 h6
22. f3 Nf6 23. Bxe5 Bxe5 24. f4 Bxd4+ 25. Nxd4 Qxe2 26. Rxe2 Rxe2 27. Nxe2 Bh5
28. Kf2 Re8 29. Bf3 Ng4+ 30. Ke1 Re3 31. Bxg4 Bxg4 32. Rd2 Bxe2 33. Rxe2 Rxg3
34. Re5 Rg4 35. Rxd5 Rxf4 36. Rd7 b5 37. Ra7 Rf6 38. Ke2 Kh7 39. Kd3 Kg6 40. c4
bxc4+ 41. Kxc4 Kh5 42. Kb4 Kxh4 43. Ka5 g5 44. Rxa6 Rxa6+ 45. Kxa6 g4 46. b4 g3
47. b5 g2 48. b6 g1=Q 49. b7 Qf1+ 50. Ka7 Qf2+ 51. Ka6 Qxa2+ 52. Kb6 Qb3+ 53.
Ka7 Qa4+ 54. Kb6 Qb4+ 55. Ka7 Qxb7+ 56. Kxb7 f5 57. Kc6 f4 58. Kd5 f3 59. Kd4 f2
60. Ke4 f1=Q 61. Kd5 Qe2 62. Kd4 Kg5 63. Kd5 Kf5 64. Kd4 Qe5+ 65. Kc4 Ke4 66.
Kb3 Qc5 67. Kb2 Kd3 68. Kb3 Qc4+ 69. Ka3 Qb5 70. Ka2 Kc2 71. Ka3 Qb3# {White
checkmated} 0-1

[Event "Team 45 45 League T76"]
[Site "Internet Chess Club"]
[Date "2018.03.31"]
[Round "2"]
[White "chesskix"]
[Black "dinosaurchess"]
[Result "1-0"]
[WhiteElo "1415"]
[BlackElo "1327"]
[Opening "Grünfeld: exchange variation"]
[ECO "D85"]
[Time "13:04:11"]
[TimeControl "2700+45"]

1. d4 Nf6 2. c4 g6 3. Nc3 d5 4. cxd5 Nxd5 5. Bd2 Nxc3 6. Bxc3 Bg7 7. e4 O-O 8.
Bc4 Nc6 9. Ne2 e6 10. Bb3 b6 11. O-O Bb7 12. e5 Qg5 13. Bd2 Qd8 14. Be3 Ne7 15.
Ng3 Nd5 16. Bd2 a5 17. a3 Qe7 18. Bc2 Rfc8 19. Ne4 f5 20. Bg5 Qf8 21. Nc3 Nxc3
22. bxc3 c5 23. Bb3 Bd5 24. c4 Bb7 25. Bf4 a4 26. Bxa4 cxd4 27. Bb3 Qc5 28. Re1
Rd8 29. a4 Be4 30. Bg5 Rd7 31. Bf6 Bxf6 32. exf6 Qf8 33. c5 Qxf6 34. cxb6 Rb7
35. a5 Kf7 36. f3 Bd5 37. Bxd5 exd5 38. Qb3 Qd6 39. Qb5 Qd7 40. Qxd7+ Rxd7 41.
a6 Rdd8 42. a7 Rac8 43. b7 Ra8 44. bxa8=Q Rxa8 45. Reb1 Ke7 46. Rb8 Rxb8 47.
axb8=Q Ke6 48. Ra6+ Kf7 49. Qb7+ Kg8 50. Ra8# {Black checkmated} 1-0